 Dungeon Crawl Stone Soup version 0.27.1-34-g3ba077fa99 (webtiles) character file.

Game seed: 9651837008145296151

1 Kraken2834 the Digger (level 1, 0/10 HPs)
             Began as a Gargoyle Earth Elementalist on Jan 6, 2022.
             Frozen to death by an endoplasm (3 damage)
             ... on level 1 of the Dungeon.
             The game lasted 00:01:11 (316 turns).

Kraken2834 the Digger (Gargoyle Earth Elementalist)  Turns: 316, Time: 00:01:11

Health: 0/10       AC:  4    Str: 11    XL:     1   Next: 20%
Magic:  3/3        EV: 11    Int: 15    God:
Gold:   6          SH:  0    Dex: 10    Spells: 3/4 levels left

rFire    . . .     SeeInvis .   (no weapon)
rCold    . . .     Faith    .   (no shield)
rNeg     + . .     Spirit   .   b - +0 robe
rPois    ∞         Reflect  .   (no helmet)
rElec    +         Harm     .   (no cloak)
rCorr    .         Rampage  .   (no gloves)
Will     .....                  (no boots)
Stlth    ++........             (no amulet)
HPRegen  0.03/turn              (no ring)
MPRegen  0.08/turn              (no ring)

@: no status effects
A: sickness immunity, AC +2, negative energy resistance 1, electricity
resistance, torment resistance 1, petrification resistance
a: no special abilities


You were on level 1 of the Dungeon.
You visited 1 branch of the dungeon, and saw 1 of its levels.

You collected 6 gold pieces.

Inventory:

Missiles
 c - 29 stones
Armour
 b - a +0 robe (worn)


   Skills:
 - Level 1.5 Dodging
 + Level 2.2 Stealth
 + Level 2.0 Spellcasting
 - Level 0.7 Transmutations
 + Level 3.7 Earth Magic


You had 3 spell levels left.
You knew the following spells:

 Your Spells              Type           Power      Damage    Failure   Level
a - Sandblast             Erth           24%        2d8       4%          1

Your spell library contained the following spells:

 Spells                   Type           Power      Damage    Failure   Level
 Passwall                 Tmut/Erth      6%         N/A       14%         2
 Stone Arrow              Conj/Erth      14%        3d7       30%         3
 Petrify                  Tmut/Erth      8%         N/A       65%         4


Dungeon Overview and Level Annotations

Branches:
Dungeon (1/15)

Altars:


Innate Abilities, Weirdness & Mutations

You are immune to sickness and miasma.
Your stone body is resilient. (AC +2)
You are immune to poison.
You resist negative energy. (rN+)
You are resistant to electric shocks. (rElec)
You are resistant to unholy torment.
You are immune to petrification.


Message History

Okay, then.
You see here a +0 pair of boots.
You start waiting.
Done waiting.
You start waiting.
Done waiting.
You see here a +0 pair of boots.
An endoplasm is nearby!
Casting: Sandblast (safe; 4% risk of failure)
Confirm with . or Enter, or press ? or * to list all spells.
Aiming: Sandblast (safe; 4% risk of failure)
Press: ? - help, Shift-Dir - straight line, f - endoplasm
Aim: an endoplasm (asleep, 100% to hit)
The blast of sand hits the endoplasm.
You kill the endoplasm!
Magic restored.
Found 6 gold pieces.
You now have 6 gold pieces.
An endoplasm comes into view.
The endoplasm quivers.
An endoplasm is nearby!
The endoplasm freezes you.
You are frozen.
You hit the endoplasm.
The endoplasm is lightly wounded.
The endoplasm freezes you.
You are frozen.
You hit the endoplasm.
The endoplasm is lightly wounded.
The endoplasm closely misses you.
You hit the endoplasm but do no damage.
The endoplasm is lightly wounded.
The endoplasm freezes you.
You are frozen.
* * * LOW HITPOINT WARNING * * *
You hit the endoplasm but do no damage.
The endoplasm is lightly wounded.
The endoplasm freezes you.
You are frozen.
You die...

##.##.####.#
####......#
#.###### #.#
#.# #.#
##.##
##...##
#..@..#
##J..##
.......
####.####
#.# #+#


You could see an endoplasm.

Vanquished Creatures
  An endoplasm (D:1)
1 creature vanquished.

Notes
Turn   | Place    | Note
-------+----------+-------------------------------------------
     0 | D:1      | Kraken2834 the Gargoyle Earth Elementalist began the quest
                  | for the Orb.
     0 | D:1      | Reached XP level 1. HP: 10/10 MP: 3/3
     2 | D:1      | Noticed a vine stalker
     2 | D:1      | Noticed an octopode
     4 | D:1      | Noticed a ghoul
     4 | D:1      | Noticed a dwarf
     6 | D:1      | Noticed a minotaur
     8 | D:1      | Noticed a human
     8 | D:1      | Noticed a vampire
    10 | D:1      | Noticed a tengu
    12 | D:1      | Noticed a spriggan
    12 | D:1      | Noticed a gargoyle
    14 | D:1      | Noticed a merfolk
    14 | D:1      | Noticed a felid
    16 | D:1      | Noticed a palentonga
    16 | D:1      | Noticed a formicid
    18 | D:1      | Noticed a naga
    18 | D:1      | Noticed a demonspawn
    20 | D:1      | Noticed a demigod
    20 | D:1      | Noticed a draconian
    22 | D:1      | Noticed an ogre
    24 | D:1      | Noticed a barachi
    24 | D:1      | Noticed a troll
    26 | D:1      | Noticed a djinni
    26 | D:1      | Noticed an elf
   316 | D:1      | Frozen to death by an endoplasm

Illustrated notes

Levels and vault maps discovered:
D:1:      kb_arrival_jail, layout_loops_corners,
          hellmonk_ecumenical_altar_inner_sanctum

Action                   || total
-------------------------++-------
Melee: Unarmed           ||     4
 Cast: Sandblast         ||     1
Dodge: Dodged            ||     1
